 Dungeon Crawl Stone Soup version 0.19.0-2-gae57169 (webtiles) character file.

4529 Firecrotchwizard the Basher (level 10, 0/81 HPs)
             Began as a Minotaur Fighter on Nov 4, 2016.
             Was a Follower of Hepliaklqana.
             Succumbed to barbed spike wounds
             ... on level 7 of the Dungeon.
             The game lasted 00:22:38 (4877 turns).

Firecrotchwizard the Basher (Minotaur Fighter)      Turns: 4877, Time: 00:22:38

Health: 0/81       AC: 20    Str: 35    XL:     10   Next: 17%
Magic:  9/9        EV:  7    Int:  5    God:    Hepliaklqana [*.....]
Gold:   368        SH: 12    Dex:  8    Spells: 0 memorised, 9 levels left

rFire  . . .     SeeInvis .     I - +5 mace of Absolution {speed, rElec rPois rN+++ Str+2 Dex-4}
rCold  . . .     Gourm    .     g - +0 plate armour
rNeg   + + +     Faith    .     c - +0 shield
rPois  +         Spirit   .     (helmet restricted)
rElec  +         Reflect  .     t - +2 cloak
rCorr  .         Harm     .     (no gloves)
MR     .....                    e - +2 pair of boots
Stlth  ..........               (no amulet)
                                E - +2 ring of strength
                                z - +4 ring of strength

@: mighty, barbed spikes
A: retaliatory headbutt, reduced essence, horns 2
a: Recall Ancestor, Ancestor Identity, Renounce Religion


You were on level 7 of the Dungeon.
You worshipped Hepliaklqana.
Hepliaklqana was aware of your devotion.
You were not hungry.

You visited 1 branch of the dungeon, and saw 7 of its levels.

You collected 368 gold pieces.

Inventory:

Hand Weapons
 a - a +0 flail
 d - a +1 flail of crushing
 D - a +2 whip of flaming
 I - the +5 mace of Absolution (weapon) {speed, rElec rPois rN+++ Str+2 Dex-4}
   (You found it on level 7 of the Dungeon)

   Attacks with this weapon are significantly faster.
   It affects your strength (+2).
   It affects your dexterity (-4).
   It insulates you from electricity.
   It protects you from poison.
   It renders you almost immune to negative energy.
Armour
 b - a +0 scale mail
 c - a +0 shield (worn)
 e - a +2 pair of boots (worn)
 g - a +0 plate armour (worn)
 p - a +0 scale mail
 t - a +2 cloak (worn)
 A - the +1 ring mail of Daffodils {Int+2}
   (You found it on level 5 of the Dungeon)

   It affects your intelligence (+2).
Jewellery
 z - a +4 ring of strength (left hand)
 B - an uncursed amulet of harm
 E - a +2 ring of strength (right hand)
Scrolls
 i - 2 scrolls of teleportation
 k - 3 scrolls of identify
 m - a scroll of remove curse
 o - a scroll of magic mapping
 w - 2 scrolls of fog {unknown}
 x - a scroll of recharging {unknown}
 y - a scroll of random uselessness {unknown}
 C - a scroll of noise {unknown}
Potions
 h - 2 potions of heal wounds {unknown}
 j - 2 potions of degeneration {unknown}
 l - a potion of mutation {unknown}
 n - a potion of resistance {unknown}
 q - a potion of invisibility {unknown}
 r - a potion of brilliance {unknown}
 u - 2 potions of curing {unknown}
 v - 2 potions of haste {unknown}
Books
 G - a book of Conjurations

   Spells                             Type                      Level
   a - Magic Dart                     Conjuration                  1
   b - Searing Ray                    Conjuration                  2
   c - Dazzling Spray                 Conjuration/Hexes            3
   d - Fulminant Prism                Conjuration/Hexes            4
   e - Iskenderun's Mystic Blast      Conjuration                  4
   f - Iskenderun's Battlesphere      Conjuration/Charms           5
Comestibles
 f - 4 bread rations
 s - a royal jelly
 J - a meat ration


   Skills:
 * Level 8.5 Fighting
 * Level 12.6 Maces & Flails
 + Level 7.4 Armour
 + Level 1.4 Dodging
 - Level 1.0 Stealth
 + Level 7.6 Shields


You had 9 spell levels left.
You didn't know any spells.

Dungeon Overview and Level Annotations

Branches:
Dungeon (7/15)             Temple (0/1) D:5

Altars:
Gozag
Hepliaklqana
Ru
Vehumet

Shops:
D:7 %

Annotations:
D:3 Firecrotchwizard's ghost, amateur MiFi


Innate Abilities, Weirdness & Mutations

You reflexively headbutt those who attack you in melee.
You have a pair of horns on your head.
Your life essence is reduced. (-10% HP)


Message History

The barbed spikes dig painfully into your body as you move.
* * * LOW HITPOINT WARNING * * *
The manticore bites you.
* * * LOW HITPOINT WARNING * * *
You block the manticore's attack. The manticore barely misses you.
You see here a giant club.
You hit the manticore. You headbutt the manticore!
The manticore is heavily wounded.
A cyclops comes into view.
You sock the manticore!
The manticore is severely wounded.
The manticore bites you but does no damage.
The manticore claws you but does no damage.
The manticore claws you.
* * * LOW HITPOINT WARNING * * *
You bludgeon the manticore!!
You kill the manticore!
The cyclops throws a large rock.
You block the large rock.
The barbed spikes dig painfully into your body as you move.
You die...

###..# ..#..# ###..#
######### ..#..#
###.......#
#.#..###...#####.########
..#......### #.........
##########. #.######## #
#.C####.# # #...#@#
#.)†(.# ### #...###
..#### #..#### .....# #.
.....# # .....# .....#
.....##


There were no monsters in sight!

Vanquished Creatures
  A hydra (D:7)
  A hill giant (D:7)
  A manticore (D:7)
  A troll (D:6)
  Prince Ribbit (D:4)
  Grinder (D:5)
  Sigmund (D:6)
  Edmund (D:5)
  An orc warrior (D:7)
  2 ice beasts
  An ogre (D:5)
  3 centaurs
  A scorpion (D:5)
  2 crimson imps
  A hound (D:6)
  4 orc wizards
  2 bullfrog skeletons
  2 orc priests
  Jessica (D:3)
  3 iguanas
  4 worker ants
  A killer bee zombie (D:5)
  4 adders
  An ooze (D:5)
  3 worms
  2 dart slugs
  2 leopard geckos
  10 orcs
  2 ball pythons
  8 bats
  4 giant cockroaches
  7 goblins
  6 hobgoblins
  7 jackals
  6 kobolds
  2 quokkas
  4 frilled lizards
  A jackal zombie (D:5)
  A quokka skeleton (D:4)
  6 rats
112 creatures vanquished.

Vanquished Creatures (collateral kills)
  Pikel (D:5)
  The ghost of vaultlich the Cleaver, an amateur MiBe of Trog (D:5)
  The ghost of btp524 the Sneak, an amateur SpEn (D:4)
  A sky beast (D:7)
  An iguana (D:5)
  An ooze (D:5)
  A leopard gecko (D:6)
  2 orcs
  A jackal (D:6)
  A ball python (D:4)
11 creatures vanquished.

Vanquished Creatures (others)
  3 slaves (D:5)
  2 ancestors
5 creatures vanquished.

Grand Total: 128 creatures vanquished

Notes
Turn   | Place    | Note
-------+----------+-------------------------------------------
     0 | D:1      | Firecrotchwizard the Minotaur Fighter began the quest for the Orb.
     0 | D:1      | Reached XP level 1. HP: 19/19 MP: 0/0
   132 | D:1      | Reached XP level 2. HP: 26/26 MP: 1/1
   310 | D:1      | Reached skill level 3 in Maces & Flails
   665 | D:2      | Reached XP level 3. HP: 29/33 MP: 2/2
  1250 | D:2      | Reached skill level 4 in Maces & Flails
  1252 | D:2      | Reached XP level 4. HP: 39/41 MP: 3/3
  1594 | D:3      | Noticed Jessica
  1614 | D:3      | Killed Jessica
  1816 | D:3      | Noticed Firecrotchwizard's ghost (amateur MiFi)
  2007 | D:3      | Reached XP level 5. HP: 37/47 MP: 4/4
  2439 | D:4      | Reached skill level 5 in Maces & Flails
  2442 | D:4      | Found a hazy altar of Hepliaklqana.
  2445 | D:4      | Became a worshipper of Hepliaklqana the Forgotten
  2539 | D:4      | Noticed btp524's ghost (amateur SpEn)
  2575 | D:4      | Killed btp524's ghost
  2575 | D:4      | Reached skill level 5 in Fighting
  2575 | D:4      | Reached XP level 6. HP: 34/50 MP: 5/5
  2704 | D:4      | Reached skill level 6 in Maces & Flails
  3042 | D:5      | Entered Level 5 of the Dungeon
  3042 | D:5      | Noticed a slave
  3042 | D:5      | Noticed a slave
  3042 | D:5      | Noticed a slave
  3043 | D:5      | Noticed Pikel
  3045 | D:5      | Noticed a slave
  3048 | D:5      | Noticed vaultlich's ghost (amateur MiBe)
  3049 | D:5      | Killed Pikel
  3049 | D:5      | Reached skill level 7 in Maces & Flails
  3049 | D:5      | Reached skill level 5 in Armour
  3049 | D:5      | Reached skill level 1 in Dodging
  3049 | D:5      | Reached skill level 5 in Shields
  3049 | D:5      | Reached XP level 7. HP: 50/55 MP: 6/6
  3061 | D:5      | Killed vaultlich's ghost
  3061 | D:5      | Reached skill level 8 in Maces & Flails
  3154 | D:5      | Noticed Prince Ribbit
  3160 | D:5      | Reached XP level 8. HP: 63/63 MP: 7/7
  3273 | D:5      | Reached skill level 9 in Maces & Flails
  3350 | D:4      | Killed Prince Ribbit
  3603 | D:5      | Noticed Edmund
  3619 | D:5      | Killed Edmund
  3643 | D:5      | Got a shimmering ring mail
  3644 | D:5      | Identified the +1 ring mail of Daffodils {Int+2} (You found it on level 5 of the Dungeon)
  3652 | D:5      | Reached * piety under Hepliaklqana
  3670 | D:5      | Noticed Grinder
  3671 | D:5      | Found a staircase to the Ecumenical Temple.
  3679 | D:5      | Killed Grinder
  3679 | D:5      | Reached skill level 10 in Maces & Flails
  3850 | D:5      | Reached XP level 9. HP: 71/71 MP: 8/8
  3888 | D:5      | Found a sacrificial altar of Ru.
  3975 | D:6      | Found a radiant altar of Vehumet.
  4009 | D:6      | Noticed a troll
  4021 | D:6      | Killed a troll
  4414 | D:6      | Noticed Sigmund
  4424 | D:6      | Killed Sigmund
  4424 | D:6      | Reached skill level 11 in Maces & Flails
  4424 | D:6      | Reached skill level 1 in Stealth
  4608 | D:7      | Found Tuifuun's Food Shop.
  4664 | D:7      | Got an ivory mace
  4665 | D:7      | Identified the +5 mace of Absolution {speed, rElec rPois rN+++ Str+2 Dex-4} (You found it on level 7 of the Dungeon)
  4679 | D:7      | Lost intelligence.
  4799 | D:7      | Found an opulent altar of Gozag.
  4855 | D:7      | Noticed a four-headed hydra
  4856 | D:7      | Noticed a hill giant
  4857 | D:7      | Noticed a manticore
  4866 | D:7      | Killed a four-headed hydra
  4866 | D:7      | Reached skill level 12 in Maces & Flails
  4872 | D:7      | Killed a hill giant
  4872 | D:7      | Reached XP level 10. HP: 13/81 MP: 9/9
  4873 | D:7      | HP: 3/81 [manticore (6)]
  4875 | D:7      | Noticed a cyclops
  4876 | D:7      | Killed a manticore
  4877 | D:7      | Succumbed to barbed spike wounds

Skill      XL: |  1  2  3  4  5  6  7  8  9 |
---------------+----------------------------+-----
Maces & Flails | 3 4 5 7 8 10 12 | 12.6
Fighting       | 4 5 6 7 8 |  8.5
Shields        | 4 5 6 7 |  7.6
Armour         | 4 5 6 7 |  7.4
Dodging        | 1 |  1.4
Stealth        | 1 |  1.0

Action                   |  1- 3 |  4- 6 |  7- 9 | 10-12 || total
-------------------------+-------+-------+-------+-------++-------
Melee: Flail             |   101 |   105 |    91 |       ||   297
       Headbutt          |    11 |    13 |    45 |     1 ||    70
       Whip              |       |       |    59 |       ||    59
       Mace              |       |       |    26 |     3 ||    29
Invok: Ancestor Identity |       |     1 |       |       ||     1
       Recall Ancestor   |       |       |     1 |       ||     1
  Use: Scroll            |     4 |     1 |     4 |       ||     9
       Potion            |       |       |     2 |       ||     2
 Stab: Distracted        |       |       |     2 |       ||     2
  Eat: Chunk             |     1 |       |     5 |       ||     6
       Bread ration      |       |     1 |       |       ||     1
       Beef jerky        |       |     1 |       |       ||     1
       Pizza             |       |       |     1 |       ||     1
Armor: Scale mail        |    52 |       |       |       ||    52
       Plate armour      |       |    54 |    85 |     2 ||   141
Dodge: Dodged            |    31 |    13 |    33 |     1 ||    78
Block: Shield            |    53 |    43 |    71 |     2 ||   169
